Map: Tritón EE

Players

JinairRogue (Rogue) - Winner!

  • Race: Zerg Zerg
  • Spawn Location: 5:00

INnoVation

  • Race: Terran Terran
  • League: Grandmaster
  • Spawn Location: 11:00

VOD

Have the link to the VOD?

Description

Time

  • Played on: Jan. 16, 2020, 6:47 a.m.
  • Length: 8:45
Show
View Real Time Build Order
Export as new Build Order

JinairRogue Zerg - Winner!

Build Orders: Hatch First 

Get SALT Encoding   

  12  0:00  Drone  
  13  0:12  Overlord  
  13  0:16  Drone  
  14  0:30  Drone x2  
  16  0:47  Hatchery  
  15  0:50  Drone  
  15  0:53  Drone  
  17  0:57  Drone  
  18  1:07  Extractor  
  17  1:12  Spawning Pool  
  17  1:15  Drone  
  18  1:18  Drone  
  18  1:28  Drone  
  19  1:40  Drone  
  20  1:49  Overlord  
  20  1:58  Queen x2  
  20  1:59  Zergling x2  
  20  2:00  Zergling x2  
  26  2:10  Drone  
  26  2:11  Drone  
  28  2:23  Hatchery  
  28  2:26  Drone  
  28  2:31  Drone  
  28  2:36  Drone x2  
  31  2:39  Metabolic Boost  
  31  2:45  Drone  
  31  2:48  Queen  
  34  2:52  Overlord  
  34  2:55  Drone  
  34  2:58  Drone  
  36  3:13  Drone x5  
  36  3:18  Queen  
  43  3:20  Overlord  
  43  3:23  Zergling x2  
  44  3:36  Queen  
  44  3:38  Overlord  
  44  3:39  Drone x3  
  44  3:40  Drone x3  
  52  3:44  Drone  
  52  3:48  Zergling x2  
  54  3:51  Overlord  
  54  3:55  Queen  
  54  3:56  Baneling Nest  
  54  3:58  Drone x2  
  54  4:02  Drone x3  
  60  4:08  Roach Warren  
  61  4:10  Zergling x4  
  61  4:13  Queen  
  64  4:18  Drone x2  
  64  4:20  Overlord  
  64  4:21  Extractor  
  64  4:22  Extractor  
  64  4:24  Lair  
  64  4:29  Drone x2  
  64  4:30  Overlord  
  66  4:38  Drone x6  
  71  4:43  Drone  
  71  4:45  Overlord  
  72  4:47  Overlord  
  72  4:49  Zergling x2  
  72  4:50  Zergling x2  
  72  4:52  Roach x2  
  78  4:55  Overlord  
  78  4:59  Spine Crawler  
  77  5:00  Roach x2  
  77  5:04  Roach  
  83  5:12  Roach x5  
  89  5:14  Roach  
  89  5:16  Overlord  
  89  5:18  Roach  
  89  5:20  Roach  
  91  5:22  Roach  
  91  5:27  Roach, Overlord  
  90  5:28  Overlord  
  90  5:33  Extractor  
  90  5:34  Extractor x2, Overlord  
  88  5:37  Drone  
  88  5:38  Drone x2  
  91  5:44  Drone  
  91  5:45  Spire  
  91  5:50  Drone x2  
  91  5:52  Spore Crawler  
  91  5:54  Spore Crawler, Drone  
  92  5:59  Overseer  
  92  6:05  Drone  
  92  6:06  Drone x2  
  92  6:08  Drone  
  92  6:09  Drone x2  
  92  6:10  Drone  
  99  6:12  Drone x2  
  99  6:13  Glial Reconstitution, Drone  
  99  6:18  Drone  
  103  6:19  Drone x3  
  103  6:20  Drone  
  105  6:29  Overlord  
  105  6:31  Drone x2  
  103  6:37  Drone  
  103  6:39  Spore Crawler, Drone  
  104  6:41  Drone x3, Overlord  
  107  6:49  Overlord  
  107  6:53  Overseer  
  107  6:59  Overlord  
  107  7:02  Mutalisk x6  
  107  7:03  Mutalisk  
  121  7:09  Mutalisk x2  
  121  7:13  Mutalisk  
  127  7:25  Overlord  
  127  7:26  Hatchery  
  123  7:31  Roach x6  
  123  7:33  Overlord  
  135  7:45  Roach x7  
  135  7:48  Overseer  
  135  7:49  Overlord  
  149  7:57  Roach x4  
  149  7:58  Roach  
  159  8:03  Roach  
  159  8:04  Overlord  
  161  8:06  Overlord  
  161  8:19  Roach x2  
  169  8:20  Roach x6  
  169  8:23  Evolution Chamber  
  169  8:24  Evolution Chamber  
Show
View Real Time Build Order
Export as new Build Order

INnoVation Terran 

Build Orders: Hellion Opening, Reaper Expand 

Get SALT Encoding   

  12  0:00  SCV  
  13  0:12  SCV  
  14  0:17  Supply Depot  
  14  0:24  SCV  
  15  0:38  SCV  
  15  0:40  Barracks  
  16  0:43  Refinery  
  16  0:50  SCV  
  17  1:03  SCV  
  18  1:15  SCV  
  19  1:27  Orbital Command, Reaper  
  20  1:39  Command Center  
  20  1:51  Supply Depot  
  20  1:52  SCV  
  21  1:58  Marine  
  22  2:05  SCV  
  22  2:08  Factory  
  23  2:13  Refinery  
  23  2:17  SCV  
  23  2:21  Barracks Reactor  
  24  2:29  SCV  
  25  2:41  SCV  
  26  2:51  Starport  
  26  2:52  Orbital Command  
  26  2:53  SCV  
  27  3:00  Hellion x2  
  27  3:05  SCV  
  32  3:07  Barracks Tech Lab  
  32  3:17  SCV  
  32  3:18  SCV  
  34  3:22  Hellion x2  
  34  3:23  Supply Depot  
  38  3:27  Viking  
  38  3:32  Marauder  
  42  3:35  SCV  
  42  3:36  SCV  
  44  3:44  Hellion  
  44  3:47  Hellion  
  44  3:48  Supply Depot  
  48  3:53  Marauder  
  50  3:57  Medivac  
  50  3:59  Armory  
  50  4:01  Concussive Shells  
  52  4:10  Supply Depot, Hellion  
  52  4:12  Hellion  
  52  4:16  Marauder  
  58  4:20  SCV x2  
  58  4:24  Supply Depot  
  60  4:32  Hellion  
  60  4:33  Hellion  
  64  4:39  SCV  
  64  4:40  SCV  
  64  4:43  Marauder  
  68  4:48  Supply Depot  
  68  4:57  Hellion x2  
  72  5:02  SCV  
  72  5:03  SCV  
  76  5:10  Supply Depot  
  76  5:15  SCV x2  
  76  5:21  Hellion x2  
  77  5:27  SCV x2, Command Center  
  67  5:33  Cloaking Field, Banshee  
  67  5:35  Refinery  
  65  5:37  Refinery  
  65  5:40  SCV x2  
  65  5:52  SCV  
  65  5:53  SCV  
  67  5:58  Hellion x2  
  67  5:59  Factory  
  67  6:01  Factory  
  71  6:05  SCV x2  
  73  6:12  Armory  
  73  6:16  Banshee  
  76  6:20  SCV  
  76  6:21  SCV  
  76  6:24  Hellion x2  
  82  6:31  Terran Vehicle Weapons Level 1  
  82  6:33  SCV x2  
  82  6:34  Supply Depot  
  76  6:45  SCV x2  
  76  6:46  Hellion x2  
  82  6:49  Factory Tech Lab x2  
  82  6:54  Refinery  
  82  6:57  SCV  
  82  6:58  SCV  
  82  7:00  Refinery  
  84  7:01  Banshee  
  87  7:09  SCV, Orbital Command  
  87  7:10  SCV  
  87  7:12  Engineering Bay  
  87  7:14  Hellion  
  87  7:15  Hellion  
  99  7:22  SCV x2  
  101  7:29  Thor x2  
  107  7:38  Missile Turret x2  
  107  7:39  Missile Turret  
  107  7:41  Missile Turret  
  107  7:44  Banshee  
  107  7:50  SCV x2  
  107  7:51  SCV  
  107  8:02  SCV x2  
  107  8:03  SCV  
  110  8:12  Siege Tank x2  
  112  8:16  Hellion  
  112  8:17  SCV x3, Hellion  
  110  8:27  Barracks Reactor, Starport Tech Lab  
  110  8:29  Factory  
  110  8:32  SCV x3  
  110  8:33  Factory  
Tags
 
Add a new tag
Caveats
  • Supply blocks, unpowered buildings, or Contaminate may cause inaccurate times.
  • Supply counts are checked every 10 seconds.